 Dungeon Crawl Stone Soup version 0.21-a0-450-gd87a9b2 (webtiles) character file.

399 kiturien the Digger (level 6, -1/37 HPs)
             Began as an Octopode Earth Elementalist on Nov 19, 2017.
             Slain by an orc (3 damage)
             ... on level 3 of the Dungeon.
             The game lasted 00:12:22 (3485 turns).

kiturien the Digger (Octopode Earth Elementalist)   Turns: 3485, Time: 00:12:23

Health: -1/37      AC:  1    Str:  7    XL:     6   Next: 84%
Magic:  2/10       EV: 13    Int: 20    God:
Gold:   236        SH:  0    Dex: 12    Spells: 5/11 levels left

rFire    . . .     SeeInvis .   f - +0 dagger
rCold    + . .     Gourm    .   (no shield)
rNeg     . . .     Faith    .   (helmet restricted)
rPois    .         Spirit   .   (no amulet)
rElec    .         Reflect  .   e - ring of protection from cold
rCorr    .         Harm     .   (no ring)
MR       .....                  (no ring)
Stlth    +++.......             (no ring)
HPRegen  0.12/turn              (no ring)
MPRegen  0.12/turn              (no ring)
                                (no ring)
                                (no ring)

@: no status effects
A: almost no armour, stealthy swim, amphibious, 8 rings, constrict 8, camouflage
1, gelatinous body 1
a: no special abilities


You were on level 3 of the Dungeon.
You were not hungry.

You visited 1 branch of the dungeon, and saw 3 of its levels.

You collected 236 gold pieces.

Inventory:

Hand Weapons
 f - a +0 dagger (weapon)
Missiles
 b - 74 stones (quivered)
Jewellery
 e - a ring of protection from cold (left tentacle)
Scrolls
 h - 3 scrolls of identify
 j - 2 scrolls of teleportation
 m - a scroll of immolation {unknown}
Potions
 a - 2 potions of heal wounds
 k - a potion of brilliance
Books
 d - a book of Geomancy

   Spells                             Type                      Level
   a - Sandblast                      Earth                        1
   b - Passwall                       Transmutation/Earth          2
   c - Stone Arrow                    Conjuration/Earth            3
   d - Petrify                        Transmutation/Earth          4
   e - Lee's Rapid Deconstruction     Earth                        5
Comestibles
 c - a bread ration
 i - 2 meat rations
 l - a royal jelly


   Skills:
 - Level 0.4 Fighting
 - Level 2.0 Dodging
 - Level 2.6 Stealth
 - Level 0.3 Unarmed Combat
 - Level 3.0 Spellcasting
 - Level 1.0 Transmutations
 + Level 6.9 Earth Magic


You had 5 spell levels left.
You knew the following spells:

 Your Spells              Type           Power        Failure   Level  Hunger
a - Sandblast             Erth           ####..       1%          1    None
b - Passwall              Tmut/Erth      ###.......   4%          2    ##.....
c - Stone Arrow           Conj/Erth      ###...       11%         3    ###....


Dungeon Overview and Level Annotations

Branches:
Dungeon (3/15)

Altars:


Innate Abilities, Weirdness & Mutations

You cannot wear most types of armour.
You are very stealthy in the water. (Stealth+)
You are amphibious.
You can wear up to eight rings at the same time.
You can use your tentacles to constrict eight enemies at once.
Your skin changes colour to match your surroundings (Stealth+).
Your rubbery body absorbs attacks. (AC +1, EV +1)


Message History

You barely miss something. Something hits you but does no damage.
You closely miss something.
You hear some strange, mumbled words.
You are confused.
The orc shouts!
You bump into the rock wall.
Something hits you.
* * * LOW HITPOINT WARNING * * *
You're too confused to cast spells.
Unknown command.
You bump into the rock wall.
You bump into the rock wall.
Something hits you.
* * * LOW HITPOINT WARNING * * *
You bump into the rock wall.
The orc closely misses you. Something hits you.
* * * LOW HITPOINT WARNING * * *
Something hits you.
* * * LOW HITPOINT WARNING * * *
You barely miss the orc.
You feel less confused. The orc hits you.
You die...

............# #########'#.#
............ #...........#
..o..ol.... #...........#
......5... #...........# (......
##........#.# .... #.########.#
##########'###########.########.#
...."........).o......>..........
###########.###{@.......#######.#
#.....##.........# #..
#.....##.........#########
#.....##..................
#####.##..........#######.
#..#..........# #..<#.
##.#......?...# #.#.#.
#.#..........###.###.
#................#...


You could see an orc.

Vanquished Creatures
  Grinder (D:3)
  Jessica (D:3)
  3 gnolls (D:3)
  8 adders
  5 worms
  A dart slug (D:1)
  4 leopard geckos
  2 orcs (D:3)
  7 bats
  2 giant cockroaches (D:2)
  3 goblins (D:2)
  5 hobgoblins
  2 quokkas (D:2)
  A frilled lizard (D:3)
  4 kobolds
  8 rats
57 creatures vanquished.

Notes
Turn   | Place    | Note
-------+----------+-------------------------------------------
     0 | D:1      | kiturien the Octopode Earth Elementalist began the quest for the Orb.
     0 | D:1      | Reached XP level 1. HP: 11/11 MP: 3/3
   761 | D:1      | Reached XP level 2. HP: 18/18 MP: 3/5
  1579 | D:2      | Reached XP level 3. HP: 22/22 MP: 4/6
  1964 | D:2      | Reached XP level 4. HP: 27/27 MP: 5/8
  2021 | D:2      | Reached skill level 4 in Earth Magic
  2475 | D:2      | Learned a level 2 spell: Passwall
  2479 | D:2      | Learned a level 3 spell: Stone Arrow
  3035 | D:3      | Noticed Jessica
  3039 | D:3      | Killed Jessica
  3039 | D:3      | Reached XP level 5. HP: 32/32 MP: 6/9
  3043 | D:3      | Reached skill level 5 in Earth Magic
  3417 | D:3      | Noticed Grinder
  3468 | D:3      | Killed Grinder
  3468 | D:3      | Reached skill level 6 in Earth Magic
  3468 | D:3      | Reached XP level 6. HP: 35/37 MP: 1/10
  3485 | D:3      | Slain by an orc

Vault maps used:
D:1:      dpeg_arrival_arbitrary_a
D:2:      grunt_decor_cap
D:3:      lemuel_round_altar, uniq_jessica, uniq_grinder

Skill      XL: |  1  2  3  4  5 |
---------------+----------------+-----
Spellcasting   | 3 |  3.0
Earth Magic    | 4 6 |  6.9
Fighting       | |  0.4
Dodging        | |  2.0
Stealth        | |  2.6
Unarmed Combat | |  0.3
Transmutations | |  1.0

Action                   |  1- 3 |  4- 6 || total
-------------------------+-------+-------++-------
Melee: Unarmed           |    18 |       ||    18
       Constrict         |     9 |     6 ||    15
       Dagger            |    13 |    28 ||    41
       Tentacles         |     3 |     2 ||     5
 Cast: Sandblast         |    32 |    44 ||    76
       Passwall          |       |     2 ||     2
       Stone Arrow       |       |     1 ||     1
  Use: Scroll            |     6 |     1 ||     7
       Potion            |     3 |       ||     3
 Stab: Sleeping          |     2 |     1 ||     3
  Eat: Chunk             |     3 |     5 ||     8
Armor: Skin              |     5 |     4 ||     9
Dodge: Dodged            |    32 |    28 ||    60

Table legend:
 A = Spawn XP
 B = Non-spawn XP
 C = Spawn XP percentage of total XP
 D = Spawn monster count
 E = Non-spawn monster count
 F = Spawn count percentage of total count
 G = Total turns spent on level
                    A         B        C        D         E        F      G
               +---------+---------+-------+---------+---------+-------+---------
         Total |       0 |     571 |   0.0 |       0 |      57 |   0.0 |  3485
               +---------+---------+-------+---------+---------+-------+---------
           D:1 |       0 |      16 |   0.0 |       0 |      11 |   0.0 |  1112
           D:2 |       0 |     119 |   0.0 |       0 |      26 |   0.0 |  1863
           D:3 |       0 |     436 |   0.0 |       0 |      20 |   0.0 |   510
               +---------+---------+-------+---------+---------+-------+---------
